 Dungeon Crawl Stone Soup version 0.27-a0-74-gebd156f8b4 (webtiles) character file.

Game seed: 3136528517300367012

11052 JackS81 the Martial Artist (level 11, -2/92 HPs)
             Began as a Naga Transmuter on Dec 31, 2020.
             Was a Priest of Sif Muna.
             Slain by a komodo dragon (30 damage)
             ... on level 1 of the Lair of Beasts on Jan 11, 2021.
             The game lasted 01:02:06 (12773 turns).

JackS81 the Martial Artist (Naga Transmuter)       Turns: 12773, Time: 01:02:07

Health: -2/92      AC:  2    Str: 13    XL:     11   Next: 71%
Magic:  14/18      EV: 24    Int: 14    God:    Sif Muna [***...]
Gold:   748        SH:  0    Dex: 19    Spells: 8/19 levels left

rFire    . . .     SeeInvis +     - Unarmed
rCold    . . .     Faith    .   (shield currently unavailable)
rNeg     . . .     Spirit   .   (armour currently unavailable)
rPois    .         Reflect  .   (helmet currently unavailable)
rElec    .         Harm     .   (cloak currently unavailable)
rCorr    .         Rampage  .   (gloves currently unavailable)
Will     +....                  (no barding)
Stlth    ++++......             d - amulet of regeneration
HPRegen  0.65/turn              (no ring)
MPRegen  0.16/turn              z - ring of poison resistance

@: spider-form, wereblooded
A: tiny, see invisible, spit poison 1, AC +3
a: Spit Poison, End Transformation, Renounce Religion, Channel Magic, Forget
Spell


You were on level 1 of the Lair of Beasts.
You worshipped Sif Muna.
Sif Muna was most pleased with you.
You were a venomous arachnid creature.
You visited 3 branches of the dungeon, and saw 13 of its levels.
You also visited: Sewer.

You collected 844 gold pieces.
You spent 96 gold pieces at shops.

Inventory:

Hand Weapons
 w - a +3 hunting sling
Missiles
 b - 393 stones
 j - 67 poisoned darts
 l - 189 arrows
 q - 61 bolts
 y - 87 sling bullets
 O - 7 silver boomerangs (quivered)
Armour
 a - a +0 robe (melded)
Jewellery
 d - an amulet of regeneration (around neck)
 n - the ring "Facileoj" {rElec EV-4 Int+4 Dex+3}
   (You found it on level 9 of the Dungeon)

   [ring of evasion]

   It affects your evasion (-4).
   It affects your intelligence (+4).
   It affects your dexterity (+3).
   It insulates you from electricity.
 z - a ring of poison resistance (right front leg)
Wands
 o - a wand of acid (16)
 B - a wand of polymorph (10)
 N - a wand of flame (21)
Scrolls
 i - 11 scrolls of identify
 k - 2 scrolls of amnesia
 m - 2 scrolls of fog
 p - 6 scrolls of immolation {unknown}
 r - 9 scrolls of teleportation {unknown}
 s - a scroll of magic mapping {unknown}
 t - 3 scrolls of enchant weapon {unknown}
 v - 2 scrolls of enchant armour {unknown}
 x - 3 scrolls of random uselessness {unknown}
 A - a scroll of fear {unknown}
 D - 5 scrolls of remove curse
 I - 2 scrolls of blinking {unknown}
 J - a scroll of vulnerability {unknown}
 K - a scroll of brand weapon {unknown}
Potions
 c - a potion of might
 e - 4 potions of attraction {unknown}
 f - 6 potions of curing
 g - 3 potions of heal wounds {unknown}
 h - 3 potions of flight {unknown}
 u - a potion of resistance {unknown}
 C - a potion of brilliance {unknown}
 E - a potion of haste
 F - a potion of berserk rage {unknown}
 G - a potion of magic {unknown}
 H - 2 potions of mutation
 L - a potion of cancellation {unknown}
 M - a potion of lignification


   Skills:
 * Level 4.1 Fighting
 * Level 5.0 Dodging
 + Level 9.2 Stealth
 + Level 11.9 Unarmed Combat
 - Level 4.8 Spellcasting
 + Level 9.4 Transmutations
 - Level 2.0 Poison Magic


You had 8 spell levels left.
You knew the following spells:

 Your Spells              Type           Power        Failure   Level
a - Beastly Appendage     Tmut           58%          3%          1
b - Wereblood             Tmut           29%          3%          2
c - Spider Form           Tmut/Pois      9%           14%         3
d - Blade Hands           Tmut           14%          24%         5

Your spell library contained the following spells:

 Spells                   Type           Power        Failure   Level
 Animate Skeleton         Necr           6%           38%         1
 Pain                     Necr           12%          38%         1
 Ice Form                 Ice/Tmut       16%          47%         4
 Conjure Flame            Conj/Fire      3%           69%         3
 Frozen Ramparts          Ice            6%           69%         3
 Lesser Beckoning         Tloc           1%           69%         3
 Ozocubu's Armour         Ice            3%           69%         3
 Teleport Other           Tloc           3%           69%         3
 Vampiric Draining        Necr           1%           69%         3
 Animate Dead             Necr           1%           96%         4
 Agony                    Necr           3%           100%        5


Dungeon Overview and Level Annotations

Branches:
Dungeon (11/15)            Temple (1/1) D:7            Lair (1/6) D:10
    Orc (0/2) D:11          Sewer (visited)

Altars:
Ashenzari
Cheibriados
Dithmenos
Elyvilon
Fedhas
Gozag
Hepliaklqana
Kikubaaqudgha
Makhleb
Nemelex Xobeh
Okawaru
Qazlal
Ru
Sif Muna
Trog
Uskayaw
Vehumet
Wu Jian
Xom
Yredelemnul
Zin
The Shining One

Shops:
D:7 =*[   D:9 }*

Annotations:
D:7 1 runed translucent door, Askman's ghost, novice DsMo


Innate Abilities, Weirdness & Mutations

You cannot wear boots.
((Your serpentine skin is tough. (AC +3)))
You have supernaturally acute eyesight. (SInv)
((Armour fits poorly on your strangely shaped body.))
((Your system is resistant to poisons. (rPois)))
((You cover ground very slowly.))
You can spit poison.


Message History

The bullfrog is almost dead.
The bullfrog hits you. The komodo dragon bites you!!
The bullfrog barely misses you.
You maul the bullfrog!!
You kill the bullfrog!
Sif Muna accepts your kill.
You completely miss the komodo dragon.
The komodo dragon is heavily wounded.
You hiss as the wereblood boils in your veins!
The komodo dragon bites you!
* * * LOW HITPOINT WARNING * * *
You bite the komodo dragon!
The komodo dragon is severely wounded.
The komodo dragon barely misses you.
You hit the komodo dragon.
The komodo dragon looks as sick as possible!
The komodo dragon is severely wounded.
You hiss as the wereblood boils in your veins!
The komodo dragon bites you!!
You die...

.. ### .##P
#.###.##....
##........#
#........#
###........#
#.#$.......#
#..........# ##
#.......ls.##.##.
#..#..........>....
.P.#...######........
. #..# #........ ##.
#........ #.
##........ #
#P........ ##<.......
#........


You could see a komodo dragon (extremely poisoned).

Vanquished Creatures
  Harold (D:9)
  3 two-headed ogres
  An unseen horror (D:10)
  Pikel (D:8)
  An ugly thing (D:11)
  A troll (D:10)
  2 wraiths
  4 yaks (D:9)
  Grum (D:9)
  4 wargs
  4 orc warriors
  3 phantoms
  2 sky beasts
  2 black bears (D:10)
  An eye of draining (D:10)
  A hornet zombie (D:8)
  An ogre (D:10)
  2 wolves (D:9)
  5 centaurs
  2 big kobolds
  8 bullfrogs
  2 gnoll sergeants (D:7)
  4 scorpions
  A wyvern skeleton (D:8)
  A jelly (D:7)
  2 howler monkeys
  7 crimson imps (D:7)
  A bullfrog zombie (D:6)
  2 centaur zombies
  2 quasits
  10 hounds
  A gnoll shaman (D:7)
  6 orc priests
  A bullfrog skeleton (D:10)
  19 orc wizards
  2 centaur skeletons
  5 iguanas
  4 worker ants
  2 killer bee zombies
  A hound zombie (D:5)
  2 worker ant zombies
  18 gnolls (D:7)
  16 adders
  2 river rats (D:4)
  2 shadow imps
  5 white imps
  5 ufetubi
  An ooze (D:5)
  An adder zombie (D:5)
  An adder skeleton (D:7)
  3 worms
  4 dart slugs
  4 leopard geckos
  63 orcs
  5 ball pythons
  10 giant cockroaches
  11 goblins
  7 hobgoblins
  15 jackals
  7 quokkas
  9 bats
  3 frilled lizards
  12 kobolds
  15 rats
344 creatures vanquished.

Vanquished Creatures (others)
  A human (D:6)
  3 plants (Lair:1)
4 creatures vanquished.

Grand Total: 348 creatures vanquished

Notes
Turn   | Place    | Note
-------+----------+-------------------------------------------
     0 | D:1      | JackS81 the Naga Transmuter began the quest for the Orb.
     0 | D:1      | Reached XP level 1. HP: 18/18 MP: 3/3
   376 | D:1      | Reached XP level 2. HP: 18/25 MP: 5/5
   473 | D:1      | Learned a level 2 spell: Wereblood
   816 | D:1      | Reached XP level 3. HP: 27/31 MP: 3/6
   987 | D:1      | Reached skill level 4 in Unarmed Combat
  1362 | D:2      | Reached XP level 4. HP: 20/38 MP: 4/7
  1381 | D:2      | Learned a level 3 spell: Spider Form
  1713 | D:2      | Reached XP level 5. HP: 38/44 MP: 4/8
  1961 | D:2      | Found a burning altar of Makhleb.
  3301 | D:4      | Reached skill level 1 in Stealth
  3301 | D:4      | Reached skill level 5 in Unarmed Combat
  3301 | D:4      | Reached skill level 1 in Poison Magic
  3301 | D:4      | Reached XP level 6. HP: 51/51 MP: 5/9
  3712 | D:4      | Found a glowing drain.
  3732 | Sewer    | Entered a sewer
  3865 | Sewer    | Reached XP level 7. HP: 38/57 MP: 5/10
  3907 | Sewer    | Found a glowing silver altar of Zin.
  4156 | D:4      | Reached skill level 6 in Unarmed Combat
  4187 | D:4      | Found an iron altar of Okawaru.
  4266 | D:4      | Found a blossoming altar of Fedhas.
  4435 | D:5      | Entered Level 5 of the Dungeon
  4689 | D:5      | Found a white marble altar of Elyvilon.
  4794 | D:5      | Reached skill level 5 in Transmutations
  4963 | D:5      | Found an ancient bone altar of Kikubaaqudgha.
  5278 | D:5      | Reached XP level 8. HP: 37/63 MP: 8/13
  5931 | D:6      | Reached skill level 7 in Unarmed Combat
  6335 | D:6      | Found an ancient bone altar of Kikubaaqudgha.
  6633 | D:6      | Found a stormy altar of Qazlal.
  6885 | D:7      | Reached skill level 5 in Stealth
  6897 | D:7      | Reached XP level 9. HP: 37/73 MP: 11/15
  7087 | D:7      | Reached skill level 8 in Unarmed Combat
  7266 | D:7      | Found a staircase to the Ecumenical Temple.
  7275 | Temple   | Entered the Ecumenical Temple
  7404 | Temple   | Became a worshipper of Sif Muna the Loreminder
  7438 | D:7      | Found Yber's Antique Armour Shop.
  7758 | D:7      | Found a runed translucent door.
  7759 | D:7      | Found a shimmering altar of Xom.
  7759 | D:7      | Noticed Askman's ghost (novice DsMo)
  7760 | D:7      | Noticed a +0 flail of chaos
  7983 | D:7      | Found Juextocw's Jewellery Shop.
  7987 | D:7      | Upgraded the game from 0.26-a0-1222-g14533b3512 to
                  | 0.27-a0-70-g58928b186a
  8033 | D:7      | Found Isyet's General Store.
  8036 | D:7      | Bought a potion of mutation for 96 gold pieces
  8232 | D:7      | Reached * piety under Sif Muna
  8758 | D:8      | You fall into a shaft and drop 1 floor!
  8765 | D:9      | Learned a level 5 spell: Blade Hands
  8824 | D:9      | Reached skill level 9 in Unarmed Combat
  8859 | D:9      | Found Urcha's Hallowed Reliquary.
  8859 | D:9      | Noticed an angel
  8863 | D:9      | Found a white marble altar of Elyvilon.
  8915 | D:9      | Found a sacrificial altar of Ru.
  9091 | D:9      | Reached XP level 10. HP: 52/81 MP: 9/17
  9210 | D:9      | Found Haoriadd's Gadget Shoppe.
  9223 | D:9      | Reached ** piety under Sif Muna
  9285 | D:9      | Noticed Grum
  9299 | D:9      | Killed Grum
  9474 | D:9      | Noticed Harold
  9494 | D:9      | Killed Harold
  9495 | D:9      | Reached skill level 10 in Unarmed Combat
  9551 | D:9      | Upgraded the game from 0.27-a0-70-g58928b186a to
                  | 0.27-a0-74-gebd156f8b4
  9565 | D:9      | Got an ancient brass ring
  9696 | D:9      | Noticed a two-headed ogre
  9702 | D:9      | Identified the cursed ring "Facileoj" {rElec EV-4 Int+4
                  | Dex+3} (You found it on level 9 of the Dungeon)
  9793 | D:9      | Killed a two-headed ogre
  9974 | D:8      | Noticed a two-headed ogre
 10135 | D:8      | Killed a two-headed ogre
 10136 | D:8      | Reached skill level 11 in Unarmed Combat
 10136 | D:8      | Reached XP level 11. HP: 44/90 MP: 14/18
 10231 | D:8      | Noticed Pikel
 10245 | D:8      | Killed Pikel
 10462 | D:8      | Found a snail-covered altar of Cheibriados.
 10745 | D:10     | Entered Level 10 of the Dungeon
 10918 | D:10     | Noticed an unseen horror
 10981 | D:10     | Killed an unseen horror
 11274 | D:10     | Found a staircase to the Lair.
 11443 | D:10     | Reached *** piety under Sif Muna
 11511 | D:10     | Noticed a two-headed ogre
 11528 | D:10     | Killed a two-headed ogre
 11926 | D:11     | Identified An Early Guide to Thaumaturgy
 11928 | D:11     | Noticed a green ugly thing
 11936 | D:11     | Killed a green ugly thing
 11964 | D:11     | Noticed a fire dragon
 12172 | D:10     | Reached skill level 5 in Dodging
 12643 | D:11     | Found a staircase to the Orcish Mines.
 12741 | Lair:1   | Entered Level 1 of the Lair of Beasts
 12773 | Lair:1   | Slain by a komodo dragon

Illustrated notes

Levels and vault maps discovered:
D:1:      elethiomel_arrival_infinity_welcomes_careful_drivers, layout_basic
D:2:      layout_loops_ring, general_overflow_altar
D:3:      layout_basic
D:4:      layout_basic, kennysheep_little_box, portal_sewer_entry_a,
          fedhas_altar_4
D:5:      layout_loops_corners, kiku_gazebo_garden_becter, elyvilon_altar_3
D:6:      layout_basic, lemuel_coloured_pillars_altar,
          chequers_serial_rivers_micro_d, st_stairs_14, tgw_kikubaaqudgha
D:7:      layout_cave_pools, minmay_temple_entry_large_hall,
          lightli_ossuary_entry_decrepit_ruins, ebering_ghost_xom, serial_shops,
          nicolae_shop_behind_doors, serial_gnoll_camp, gnoll_camp_medium_01,
          gnoll_camp_mini_shop, gnoll_camp_mini_doghouse, gnoll_camp_mini_basic,
          gnoll_camp_mini_shop, gnoll_camp_mini_loothouse, minmay_nine_imps
D:8:      layout_cave_pools, nicolae_overflow_crystal_walls, uniq_pikel
D:9:      layout_roguey, lemuel_doored_altar, serial_shops,
          nicolae_shop_statue_plus, nicolae_good_shop, uniq_harold, uniq_grum
D:10:     layout_long_grid, lair_entry_dummy, nooodl_orcs_dogs
D:11:     minmay_box_of_curves, layout_small_grid, minmay_misc_feat_chi,
          hangedman_glass_teeth, minivault_4
Temple:   nicolae_temple_elliptical
Lair:1:   beast_lair_carwin_large_4, layout_small_grid,
          minmay_lair_oklob_chamber

Skill      XL: |  1  2  3  4  5  6  7  8  9 10 11 |
---------------+----------------------------------+-----
Unarmed Combat | 4 5 6 7 9 11 | 11.9
Transmutations | 3 4 5 6 7 8 9 |  9.4
Stealth        | 1 2 3 5 7 8 9 |  9.2
Poison Magic   | 1 2 |  2.0
Spellcasting   | 3 4 |  4.8
Fighting       | 2 3 4 |  4.1
Dodging        | 2 4 5 |  5.0

Action                   |  1- 3 |  4- 6 |  7- 9 | 10-12 || total
-------------------------+-------+-------+-------+-------++-------
Melee: Unarmed           |   150 |   268 |   444 |   295 ||  1157
       Headbutt          |     5 |    15 |     2 |       ||    22
       Punch             |     1 |     5 |     1 |     2 ||     9
 Fire: Hunting sling     |       |     2 |     4 |       ||     6
Throw: Boomerang         |       |       |       |     1 ||     1
 Cast: Beastly Appendage |    15 |    25 |     5 |       ||    45
       Wereblood         |     6 |     8 |    27 |    44 ||    85
       Spider Form       |       |    12 |    50 |    43 ||   105
       Blade Hands       |       |       |       |     6 ||     6
 Abil: Spit Poison       |       |       |     1 |       ||     1
  Use: Potion            |     3 |       |     2 |     1 ||     6
       Scroll            |       |     5 |       |     1 ||     6
 Stab: Sleeping          |     1 |     1 |     4 |    11 ||    17
Armor: Robe              |    27 |    32 |    15 |     5 ||    79
       Skin              |     2 |     3 |    57 |    17 ||    79
Dodge: Dodged            |    79 |   161 |   404 |   242 ||   886

Table legend: (Time is in decaauts)
 A = Elapsed time spent in this place.
 B = Non-inter-level travel time spent in this place.
 C = Inter-level travel time spent in this place.
 D = Time resting spent in this place.
 E = Time spent auto-exploring this place.
 F = Levels seen in this place.
 G = Mean time per level.
                   A        B        C        D        E       F      G
               +--------+--------+--------+--------+--------+-----+--------+
         Total |  15383 |  14813 |    570 |   1074 |  10099 |  14 | 1098.8 |
       Dungeon |  14850 |  14281 |    569 |   1037 |   9820 |  11 | 1350.0 |
        Temple |    214 |    214 |      0 |      0 |    159 |   1 |  214.0 |
          Lair |     29 |     29 |      0 |      0 |      0 |   1 |   29.0 |
         Sewer |    288 |    288 |      0 |     37 |    119 |   1 |  288.0 |
               +--------+--------+--------+--------+--------+-----+--------+

Top non-repeatable levels by time:
     D:7: 1998 daAuts
     D:5: 1664 daAuts
    D:10: 1622 daAuts
     D:3: 1477 daAuts
     D:1: 1410 daAuts
     D:9: 1375 daAuts
     D:4: 1236 daAuts
     D:6: 1215 daAuts
     D:2: 1154 daAuts
     D:8: 1035 daAuts
    D:11: 660 daAuts
   Sewer: 288 daAuts
  Temple: 214 daAuts
  Lair:1: 29 daAuts
